 Dungeon Crawl Stone Soup version 0.18-a0-1539-g1c7284a (webtiles) character file.

1729 dorian the Reanimator (level 8, -3/62 HPs)
             Began as a Deep Dwarf Necromancer on Mar 9, 2016.
             Was an Initiate of Gozag.
             Slain by a wight
             ... wielding a +1 dire flail
              (14 damage)
             ... on level 6 of the Dungeon.
             The game lasted 00:29:20 (6694 turns).

dorian the Reanimator (Deep Dwarf Necromancer)      Turns: 6694, Time: 00:29:20

Health: -3/62      AC:  4    Str: 12    XL:     8   Next: 76%
Magic:  5/17       EV:  2    Int: 18    God:    Gozag
Gold:   320        SH:  0    Dex: -14 (13)Spells: 4 memorised, 11 levels left

rFire  . . .     SeeInvis .     z - +2 whip (freeze)
rCold  . . .     Gourm    .     k - +0 leather armour
rNeg   . . .     Faith    .     (no shield)
rPois  .         Spirit   .     (no helmet)
rElec  .         Dismiss  .     (no cloak)
rCorr  .         Reflect  .     B - +0 pair of gloves
SustAt .         Harm     .     (no boots)
MR     +....                    (no amulet)
Stlth  ..........               (no ring)
                                (no ring)

@: non-regenerating, slowed, lost dexterity, drained, very slow, somewhat
resistant to hostile enchantments, extremely unstealthy
A: damage resistance, recharge devices, sense surroundings 1, slow regeneration
3
a: Device Recharging, Potion Petition, Call Merchant, Bribe Branch, Renounce
Religion


You were on level 6 of the Dungeon.
You worshipped Gozag.
Gozag was noncommittal.
You were not hungry.

You visited 2 branches of the dungeon, and saw 7 of its levels.

You collected 377 gold pieces.
You paid 57 gold pieces to Gozag.

Inventory:

Hand Weapons
 u - a +1 short sword
 x - a +0 mace
 z - a +2 whip of freezing (weapon)
 A - a +3 dagger
Missiles
 G - 7 silver tomahawks (quivered)
Armour
 a - a +0 robe
 k - a +0 leather armour (worn)
 B - a +0 pair of gloves (worn)
Jewellery
 C - an uncursed amulet of faith
Wands
 c - a wand of heal wounds (3/9)
 y - a wand of heal wounds (3/9)
 E - a wand of flame (10/48)
Scrolls
 f - 4 scrolls of enchant weapon {unknown}
 h - 7 scrolls of identify {unknown}
 j - 3 scrolls of remove curse {unknown}
 p - a scroll of random uselessness {unknown}
 r - a scroll of teleportation {unknown}
 t - a scroll of fear {unknown}
 v - a scroll of enchant armour {unknown}
 D - a scroll of noise {unknown}
Potions
 e - 5 potions of curing {unknown}
 g - a potion of flight {unknown}
 i - 2 potions of ambrosia {unknown}
 l - a potion of resistance {unknown}
 m - a potion of invisibility {unknown}
 n - a potion of brilliance {unknown}
 q - 3 potions of degeneration {unknown}
 s - a potion of cancellation {unknown}
 w - a potion of lignification {unknown}
 F - a potion of might {unknown}
Books
 b - a book of Necromancy

   Spells                             Type                      Level
   a - Pain                           Necromancy                   1
   b - Animate Skeleton               Necromancy                   1
   c - Vampiric Draining              Necromancy                   3
   d - Regeneration                   Charms/Necromancy            3
   e - Animate Dead                   Necromancy                   4
   f - Control Undead                 Necromancy                   4
Comestibles
 d - 2 meat rations
 o - 2 bread rations
 H - 3 fruits


   Skills:
 - Level 2.1(1.9) Dodging
 - Level 2.4(2.1) Stealth
 + Level 6.5(6.2) Spellcasting
 + Level 10.1(9.8) Necromancy


You had 11 spell levels left.
You knew the following spells:

 Your Spells              Type           Power        Failure   Level  Hunger
a - Pain                  Necr           ####         1%          1    None
b - Vampiric Draining     Necr           #####.....   1%          3    ##.....
c - Animate Skeleton      Necr           N/A          1%          1    None
d - Control Undead        Necr           #####.....   2%          4    ####...


Dungeon Overview and Level Annotations

Branches:
Dungeon (6/15)             Temple (1/1) D:4

Altars:
Ashenzari
Cheibriados
Dithmenos
Elyvilon
Fedhas
Gozag
Kikubaaqudgha
Makhleb
Okawaru
Pakellas
Qazlal
Sif Muna
Trog
Vehumet
Xom
Yredelemnul
Zin

Annotations:
D:3 PeterLawrence's ghost, amateur GrFi


Innate Abilities, Weirdness & Mutations

You are resistant to damage.
You can recharge devices by infusing magical energy.
You passively map a small area around you.
You do not regenerate naturally.


Message History

The crimson imp hits you.
The crimson imp blinks!
You swap places.
You now have 320 gold pieces (gained 6).
Things that are here:
a long sword; a robe 2 wights come into view.
Items here: $ ) ? [ 7 gold pieces; a great sword of freezing; a robe a scroll labeled FERRIZ JAENOWA The crimson imp hits your wight but does no damage.
Your wight completely misses the crimson imp.
The crimson imp hits your wight but does no damage.
Your wight closely misses the crimson imp.
Things that are here:
a long sword; a robe The crimson imp barely misses your wight.
Your wight misses the crimson imp.
The wight hits you with an enchanted dire flail!
You die...
Your body crumbles into a pile of gold.

##.#..#.... ..#.#
##.#.#.# .# .###.
##.#..## .# * .#.#.#
.# * #....# [# *
##.#.####.######## ,
#.#...........5.# *
* #.#####.#######z#
#.# #)# #@#, #.#
###.### #z# * #.#
#.....#####z#
#.###...........# *
..................#*
,...##...(..########
, , .. #......... *
. .....###.####
...... ..#


You could see 2 wights, a crimson imp and a friendly wight.

Vanquished Creatures
  Pikel (D:4)
  An ice beast (D:6)
  2 slaves
  2 orc warriors (D:6)
  An ogre (D:5)
  3 giant frogs (D:6)
  2 wights (D:6)
  A howler monkey (D:5)
  A giant frog zombie (D:5)
  A quasit (D:6)
  A giant frog skeleton (D:5)
  4 hounds
  An orc priest (D:4)
  5 orc wizards
  3 worker ants
  2 gnolls
  5 adders
  An ooze (D:1)
  2 worms (D:2)
  2 dart slugs
  5 giant geckos
  20 orcs
  A ball python (D:5)
  6 bats
  4 giant cockroaches
  8 goblins
  8 hobgoblins
  8 jackals
  7 kobolds
  2 quokkas
  A giant gecko skeleton (D:4)
  3 giant newts
  A goblin zombie (D:6)
  8 rats
123 creatures vanquished.

Notes
Turn   | Place    | Note
--------------------------------------------------------------
     0 | D:1      | dorian the Deep Dwarf Necromancer began the quest for the Orb.
     0 | D:1      | Reached XP level 1. HP: 15/15 MP: 3/3
   238 | D:1      | Reached XP level 2. HP: 22/22 MP: 2/4
   310 | D:1      | Reached skill level 5 in Necromancy
   513 | D:1      | Reached XP level 3. HP: 21/28 MP: 0/5
   572 | D:1      | Learned a level 3 spell: Vampiric Draining
  1392 | D:2      | Reached skill level 6 in Necromancy
  1795 | D:2      | Reached XP level 4. HP: 29/36 MP: 1/7
  1826 | D:2      | Found an oddly glowing altar of Pakellas.
  2473 | D:3      | Noticed PeterLawrence's ghost (amateur GrFi)
  3232 | D:3      | Reached XP level 5. HP: 32/42 MP: 1/9
  3608 | D:3      | Learned a level 1 spell: Animate Skeleton
  3615 | D:4      | Found a blossoming altar of Fedhas.
  3700 | D:4      | Reached skill level 7 in Necromancy
  3815 | D:4      | Reached XP level 6. HP: 38/49 MP: 7/10
  3940 | D:4      | Found a staircase to the Ecumenical Temple.
  3948 | Temple   | Entered the Ecumenical Temple
  4459 | D:4      | Noticed Pikel
  4461 | D:4      | Noticed a slave
  4494 | D:4      | Noticed a slave
  4548 | D:4      | Found a bloodstained altar of Trog.
  4620 | D:3      | Killed a slave
  4849 | D:4      | Found a glowing silver altar of Zin.
  4849 | D:4      | Found a burning altar of Makhleb.
  4850 | D:4      | Noticed a green death
  4850 | D:4      | Noticed an angel
  4997 | D:4      | Noticed a slave
  5011 | D:4      | Killed a slave
  5177 | D:4      | Noticed a slave
  5185 | D:4      | Killed Pikel
  5185 | D:4      | Reached skill level 5 in Spellcasting
  5185 | D:4      | Reached skill level 8 in Necromancy
  5185 | D:4      | Reached XP level 7. HP: 15/55 MP: 0/14
  5320 | D:5      | Entered Level 5 of the Dungeon
  5519 | D:5      | Found a radiant altar of Vehumet.
  5682 | D:5      | Found an opulent altar of Gozag.
  5686 | D:5      | Became a worshipper of Gozag Ym Sagoz the Greedy
  5711 | D:5      | Learned a level 4 spell: Control Undead
  5793 | D:5      | Reached XP level 8. HP: 52/62 MP: 11/15
  6075 | D:5      | Reached skill level 9 in Necromancy
  6296 | D:6      | Lost dexterity.
  6562 | D:6      | Reached skill level 10 in Necromancy
  6694 | D:6      | Slain by a wight

Vault maps used:
D:1:      zelgadis_glass_arrival_small
D:2:      lemuel_coloured_pillars_altar
D:3:      first_bread, st_stairs_5
D:4:      grunt_temple_overflow_order_and_chaos_2, fedhas_altar_1,
          minmay_temple_entry_crystal_x, bloody_trog, uniq_pikel
D:5:      overflow_temple_1_default, basic_altar,
          minmay_misc_feat_secret_circle, serial_bayou_lake_a
D:6:      nicolae_tso_besieged_by_evil
Temple:   minmay_temple_forest_path_12

Skill      XL: |  1  2  3  4  5  6  7  8 |
---------------+-------------------------+-----
Necromancy     | 5 6 7 8 10 | 10.1
Spellcasting   | 2 3 5 6 |  6.5
Dodging        | |  2.1
Stealth        | |  2.4

Action                   |  1- 3 |  4- 6 |  7- 9 || total
-------------------------+-------+-------+-------++-------
Melee: Unarmed           |    25 |    22 |       ||    47
       Mace              |       |     5 |       ||     5
       Dagger            |       |     2 |       ||     2
       Whip              |       |       |    93 ||    93
       Short sword       |       |       |     4 ||     4
Throw: Tomahawk          |       |       |     1 ||     1
 Cast: Pain              |    74 |   115 |    44 ||   233
       Vampiric Draining |     7 |    20 |    25 ||    52
       Animate Skeleton  |       |     1 |       ||     1
       Control Undead    |       |       |     3 ||     3
Evoke: Wand              |       |     2 |     7 ||     9
 Stab: Sleeping          |     1 |       |       ||     1
  Eat: Chunk             |     4 |     8 |     2 ||    14
       Bread ration      |       |     1 |     1 ||     2
       Pizza             |       |     1 |       ||     1
       Royal jelly       |       |       |     1 ||     1
       Beef jerky        |       |       |     1 ||     1
